 Dungeon Crawl Stone Soup version 0.24-a0-250-g6074511 (webtiles) character file.

Game seed: 14059464715899002078

1324 Lanoc the Charmwright (level 8, 0/42 HPs)
             Began as a Vine Stalker Skald on Apr 15, 2019.
             Was an Initiate of Ashenzari.
             Slain by a soul eater (5 damage)
             ... summoned by the meddling of Cheibriados
             ... on level 5 of the Dungeon.
             The game lasted 00:08:42 (4017 turns).

Lanoc the Charmwright (Vine Stalker Skald)          Turns: 4017, Time: 00:08:42

Health: 0/42       AC:  6    Str: 14    XL:     8   Next: 60%
Magic:  0/15       EV: 13    Int: 15    God:    Ashenzari [......]
Gold:   299        SH:  0    Dex: 16    Spells: 9/15 levels left

rFire    . . .     SeeInvis .   q - +5 quarterstaff (chaos)
rCold    . . .     Gourm    .   (shield currently unavailable)
rNeg     + . .     Faith    .   r - +2 robe of Iloxoafe {rN+ Slay+2}
rPois    .         Spirit   +   (no helmet)
rElec    .         Reflect  .   p - +1 cloak
rCorr    .         Harm     .   (no gloves)
MR       +....                  (no boots)
Stlth    +.........             (no amulet)
HPRegen  0.54/turn              e - +2 ring of intelligence
MPRegen  0.14/turn              v - ring of flight

@: about to teleport, infused, lightly drained, very slow
A: fangs 3, regeneration 1, magic shield, antimagic bite, no potion heal 3, rot
immunity
a: Curse Item, Renounce Religion, Evoke Flight


You were on level 5 of the Dungeon.
You worshipped Ashenzari.
Ashenzari was noncommittal.
You were hungry.

You visited 2 branches of the dungeon, and saw 6 of its levels.

You collected 299 gold pieces.

Inventory:

Hand Weapons
 q - a +5 quarterstaff of chaos (weapon)
Armour
 p - a +1 cloak (worn)
 r - the +2 robe of Iloxoafe (worn) {rN+ Slay+2}
   (You found it on level 4 of the Dungeon)

   It affects your accuracy and damage with ranged weapons and melee attacks
   (+2).
   It protects you from negative energy.
Jewellery
 e - a +2 ring of intelligence (left hand)
 v - a ring of flight (right hand)
Wands
 s - a wand of polymorph (9)
Scrolls
 f - 8 scrolls of identify
 g - a scroll of fear
 h - a scroll of enchant armour
 j - a scroll of enchant weapon
 l - a scroll of fog
 m - a scroll of blinking {unknown}
Potions
 b - 3 potions of might {unknown}
 k - a potion of flight {unknown}
 n - a potion of resistance
 o - a potion of heal wounds {unknown}
 t - 4 potions of curing
 u - a potion of berserk rage {unknown}
Comestibles
 d - 9 rations


   Skills:
 + Level 3.8(3.4) Fighting
   Level 2.7(2.3) Long Blades
 * Level 4.0(3.7) Staves
 - Level 2.0(1.6) Armour
 + Level 3.3(3.0) Dodging
 + Level 4.1(3.8) Spellcasting
 * Level 6.1(5.8) Charms


You had 9 spell levels left.
You knew the following spells:

 Your Spells              Type           Power        Failure   Level  Hunger
a - Infusion              Chrm           ###.         1%          1    None
b - Song of Slaying       Chrm           ###.....     2%          2    ##.....
c - Regeneration          Chrm/Necr      ##........   17%         3    ###....

Your spell library contained the following spells:

 Spells                   Type           Power        Failure   Level  Hunger
 Shroud of Golubria       Chrm/Tloc      ##........   9%          2    ##.....
 Spectral Weapon          Hex/Chrm       ##......     17%         3    ###....
 Magic Dart               Conj           #...         19%         1    None
 Blink                    Tloc           N/A          28%         2    ##.....
 Call Imp                 Summ           #.......     28%         2    ##.....
 Slow                     Hex            #.......     28%         2    ##.....
 Conjure Flame            Conj/Fire      #.......     50%         3    ###....
 Mephitic Cloud           Conj/Pois/Air  #.......     50%         3    ###....


Dungeon Overview and Level Annotations

Branches:
Dungeon (5/15)             Temple (1/1) D:5

Altars:
Ashenzari
Cheibriados
Dithmenos
Elyvilon
Fedhas
Gozag
Hepliaklqana
Kikubaaqudgha
Makhleb
Nemelex Xobeh
Okawaru
Qazlal
Sif Muna
Trog
Uskayaw
Vehumet
Wu Jian
Xom
Yredelemnul
Zin
The Shining One


Innate Abilities, Weirdness & Mutations

You have razor-sharp teeth.
Your natural rate of healing is unusually fast.
When hurt, damage is shared between your health and your magic reserves.
Your bite disrupts and absorbs the magic of your enemies.
Potions cannot restore your health.
You are immune to rotting.


Message History

It is a scroll of amnesia.
Okay, then.
The soul eater draws from the surrounding life force!
As you read the scroll labeled YRHUYTWOYKE, it crumbles to dust.
You feel aware of your surroundings.
It was a scroll of magic mapping.
The soul eater closely misses you.
As you read the scroll labeled DUJEABBUECO, it crumbles to dust.
It is a scroll of enchant weapon.
Your +4 quarterstaff of chaos glows red for a moment.
The soul eater hits you!
* * * LOW HITPOINT WARNING * * *
You partially resist.
You feel drained.
As you read the scroll labeled REPEW KEJUO, it crumbles to dust.
The scroll dissolves into smoke.
It was a scroll of fog.
The soul eater closely misses you.
Okay, then.
As you read the scroll labeled YNEBRO GEHIFEKK, it crumbles to dust.
You feel strangely unstable.
It was a scroll of teleportation.
The soul eater hits you!
You die...

..........#*#.#
....####..# #.#
..........# #.#
########.## #.# #.# #.#
#.# #.# #÷# #.#
#.####.#########
#......§3@§§...#
#..###########.# #..#
*,* #..# *,** #..# *,,*
#[.# **,*
#..#***********,*
#########..,*≈≈≈≈≈≈≈≈*,*
#.......#,***≈,,,,,,≈*,*


You could see a soul eater.

Vanquished Creatures
  Pikel (D:5)
  A hungry ghost (D:5)
  Edmund (D:5)
  2 centaurs (D:5)
  An ogre (D:4)
  A bullfrog (D:5)
  2 scorpions (D:4)
  Crazy Yiuf (D:3)
  A hound (D:3)
  Ijyb (D:5)
  2 worker ants
  A worker ant zombie (D:5)
  8 adders
  An adder skeleton (D:5)
  A worm (D:2)
  A dart slug (D:2)
  2 leopard geckos
  3 bats
  2 giant cockroaches
  8 goblins
  5 hobgoblins
  4 jackals (D:3)
  4 kobolds
  2 quokkas
  2 ball pythons
  7 frilled lizards
  A leopard gecko skeleton (D:5)
  8 rats
74 creatures vanquished.

Vanquished Creatures (others)
  A quokka skeleton (D:5)
1 creature vanquished.

Grand Total: 75 creatures vanquished

Notes
Turn   | Place    | Note
-------+----------+-------------------------------------------
     0 | D:1      | Lanoc the Vine Stalker Skald began the quest for the Orb.
     0 | D:1      | Reached XP level 1. HP: 11/11 MP: 4/4
   130 | D:1      | Reached XP level 2. HP: 14/15 MP: 6/6
   131 | D:1      | Reached skill level 1 in Armour
   589 | D:2      | Reached XP level 3. HP: 18/18 MP: 5/7
   593 | D:2      | Learned a level 2 spell: Song of Slaying
   597 | D:2      | Learned a level 3 spell: Regeneration
  1258 | D:2      | Gained mutation: Your natural rate of healing is unusually
                  | fast. [Vine Stalker growth]
  1258 | D:2      | Reached XP level 4. HP: 8/23 MP: 1/8
  1616 | D:3      | Found a runed translucent door.
  1617 | D:3      | Noticed Crazy Yiuf
  1630 | D:3      | Killed Crazy Yiuf
  1773 | D:3      | Reached XP level 5. HP: 26/26 MP: 9/9
  1816 | D:3      | Found a burning altar of Makhleb.
  2077 | D:4      | Reached skill level 4 in Charms
  2202 | D:4      | Got a fabulously ornate robe
  2213 | D:4      | Identified the +2 robe of Iloxoafe {rN+ Slay+2} (You found
                  | it on level 4 of the Dungeon)
  2321 | D:4      | Noticed an ogre
  2326 | D:4      | Killed an ogre
  2326 | D:4      | Reached skill level 1 in Staves
  2326 | D:4      | Reached XP level 6. HP: 10/32 MP: 4/11
  2911 | D:5      | Entered Level 5 of the Dungeon
  2916 | D:5      | Found a staircase to the Ecumenical Temple.
  2917 | D:5      | Noticed Ijyb
  2918 | D:5      | Reached XP level 7. HP: 21/35 MP: 7/12
  2925 | D:5      | Killed Ijyb
  3042 | Temple   | Entered the Ecumenical Temple
  3316 | Temple   | Became a worshipper of Cheibriados the Contemplative
  3382 | Temple   | Fell from the grace of Cheibriados
  3382 | Temple   | Became a worshipper of Ashenzari the Shackled
  3646 | D:5      | Noticed Pikel
  3647 | D:5      | Noticed Edmund
  3653 | D:5      | Killed Pikel
  3653 | D:5      | Reached skill level 5 in Charms
  3653 | D:5      | Gained mutation: You have razor-sharp teeth. [Vine Stalker
                  | growth]
  3653 | D:5      | Reached XP level 8. HP: 25/40 MP: 6/14
  3665 | D:5      | Killed Edmund
  3810 | D:5      | Reached skill level 6 in Charms
  4004 | D:5      | Noticed a soul eater
  4017 | D:5      | Slain by a soul eater

Levels and vault maps discovered:
D:1:      minmay_arrival_semitransparent, layout_basic, moated_statue
D:2:      layout_basic
D:3:      layout_rooms, makhleb_blood_cavern_becter, uniq_crazy_yiuf_cottage
D:4:      layout_loops_corners, first_ration, corexii_item_surrounded_by_moat,
          grunt_decor_one_mirror
D:5:      minmay_chambers_of_threes, layout_loops_ring,
          minmay_temple_entry_overgrown, serial_bayou_lagoon_a,
          kennysheep_generic_room_6, uniq_edmund, uniq_pikel, uniq_ijyb
Temple:   regret_index_temple_sigil_plot

Skill      XL: |  1  2  3  4  5  6  7  8 |
---------------+-------------------------+-----
Long Blades    | 2 |  2.7
Armour         | 1 2 |  2.0
Fighting       | 2 3 |  3.8
Dodging        | 2 3 |  3.3
Charms         | 4 5 6 |  6.1
Staves         | 1 2 3 4 |  4.0
Spellcasting   | 3 4 |  4.1

Action                   |  1- 3 |  4- 6 |  7- 9 || total
-------------------------+-------+-------+-------++-------
Melee: Falchion          |    84 |    32 |       ||   116
       Bite              |    17 |    20 |    11 ||    48
       Quarterstaff      |       |    34 |    54 ||    88
 Cast: Infusion          |     7 |     6 |     2 ||    15
       Regeneration      |       |     1 |       ||     1
       Song of Slaying   |       |       |     1 ||     1
  Use: Scroll            |       |       |     8 ||     8
 Stab: Sleeping          |     1 |       |       ||     1
       Confused          |       |     1 |       ||     1
       Distracted        |       |       |     1 ||     1
       Paralysed         |       |       |     1 ||     1
  Eat: Chunk             |     1 |     5 |     5 ||    11
Armor: Leather armour    |    23 |    12 |       ||    35
       Robe              |       |     2 |    23 ||    25
Dodge: Dodged            |    60 |    60 |    39 ||   159
       Rpst.: Falchion   |    19 |     6 |       ||    25

Table legend:
 A = Non-vault XP
 B = Vault XP
 C = Vault XP percentage of total XP
 D = Non-vault monster count
 E = Vault monster count
 F = Vault count percentage of total count
                 A         B        C        D         E       F
            +---------+---------+-------+---------+---------+-------
      Total |     710 |    1182 |  62.5 |      63 |      11 |  14.9
            +---------+---------+-------+---------+---------+-------
        D:1 |      29 |       0 |   0.0 |      19 |       0 |   0.0
        D:2 |      53 |       0 |   0.0 |      16 |       0 |   0.0
        D:3 |      49 |      81 |  62.3 |      14 |       2 |  12.5
        D:4 |     316 |       0 |   0.0 |       7 |       0 |   0.0
        D:5 |     263 |    1101 |  80.7 |       7 |       9 |  56.2
            +---------+---------+-------+---------+---------+-------
